 Dungeon Crawl Stone Soup version 0.21.1-1-g345015f (webtiles) character file.

3983 Monsterracer the Covert (level 10, 0/44 HPs)
             Began as a Spriggan Enchanter on Feb 11, 2018.
             Was a Believer of Makhleb.
             Succumbed to a gnoll sergeant's poison
             ... on level 8 of the Dungeon.
             The game lasted 00:23:26 (11965 turns).

Monsterracer the Covert (Spriggan Enchanter)       Turns: 11965, Time: 00:23:27

Health: 0/44       AC:  2    Str:  4    XL:     10   Next: 2%
Magic:  2/23       EV: 21    Int: 19    God:    Makhleb [**....]
Gold:   307        SH:  0    Dex: 18    Spells: 13/25 levels left

rFire    . . .     SeeInvis +   b - +2 short sword (venom)
rCold    . . .     Gourm    .   (shield restricted)
rNeg     . . .     Faith    .   f - +0 robe
rPois    .         Spirit   .   (helmet restricted)
rElec    .         Reflect  .   (no cloak)
rCorr    .         Harm     .   (gloves unavailable)
MR       ++...                  (boots unavailable)
Stlth    +++++.....             (no amulet)
HPRegen  0.14/turn              v - ring of protection from magic {!d}
MPRegen  0.18/turn              (no ring)

@: lethally poisoned (0 -> -5), very quick
A: very small, unfitting armour, see invisible, herbivore, speed 3, slow
metabolism 2
a: Minor Destruction, Renounce Religion


You were on level 8 of the Dungeon.
You worshipped Makhleb.
Makhleb was pleased with you.
You were hungry.

You visited 2 branches of the dungeon, and saw 9 of its levels.

You collected 461 gold pieces.
You spent 154 gold pieces at shops.

Inventory:

Hand Weapons
 a - a +1 dagger
 b - a +2 short sword of venom (weapon)
 w - a +1 vampiric short sword
Armour
 f - a +0 robe (worn)
Jewellery
 v - a ring of protection from magic (left hand) {!d}
Wands
 q - a wand of polymorph (14)
 t - a wand of disintegration (18)
 x - a wand of digging (7)
 z - a wand of iceblast (8)
Scrolls
 e - 8 scrolls of teleportation
 j - 6 scrolls of remove curse
 k - a scroll of fear {!r}
 p - 2 scrolls of fog
 y - 2 scrolls of magic mapping {!r}
Potions
 d - 3 potions of flight
 g - 3 potions of haste
 h - 2 potions of mutation {!q}
 i - a potion of resistance
 l - a potion of invisibility
 m - a potion of agility
 s - 2 potions of lignification
Books
 r - a book of Misfortune

   Spells                             Type                      Level
   a - Confusing Touch                Hexes                        1
   b - Confuse                        Hexes                        3
   c - Gell's Gravitas                Translocation                3
   d - Petrify                        Transmutation/Earth          4
   e - Metabolic Englaciation         Hexes/Ice                    5
   f - Yara's Violent Unravelling     Hexes/Transmutation          5
Comestibles
 c - 16 rations


   Skills:
 + Level 0.8 Fighting
 * Level 8.0 Short Blades
 + Level 5.4 Dodging
 + Level 10.2 Stealth
 + Level 8.2 Spellcasting
 * Level 9.0 Hexes
 + Level 4.2 Invocations


You had 13 spell levels left.
You knew the following spells:

 Your Spells              Type           Power        Failure   Level  Hunger
a - Corona                Hex            #####..      1%          1    None
b - Ensorcelled Hibernat  Hex/Ice        ####..       1%          2    None
c - Confuse               Hex            #####...     1%          3    None
d - Tukima's Dance        Hex            #####...     1%          3    None
f - Dazzling Spray        Conj/Hex       ####..       4%          3    None


Dungeon Overview and Level Annotations

Branches:
Dungeon (8/15)             Temple (1/1) D:4
   Lair: D:8-11

Altars:
Ashenzari
Cheibriados
Dithmenos
Elyvilon
Fedhas
Gozag
Hepliaklqana
Makhleb
Nemelex Xobeh
Okawaru
Qazlal
Ru
Sif Muna
Trog
Uskayaw
Vehumet
Wu Jian
Xom
Yredelemnul
Zin
The Shining One

Shops:
D:5 !

Annotations:
D:7 exclusion: oklob plant


Innate Abilities, Weirdness & Mutations

You are very small and have problems with some larger weapons.
You are too small for most types of armour.
You have supernaturally acute eyesight. (SInv)
You are a herbivore.
You cover ground extremely quickly.
You need consume almost no food.


Message History

Press: ? - help, Shift-Dir - straight line, f/p - gnoll sergeant
Aim: a gnoll sergeant, wielding a trident of venom and wearing a ring mail (chance to defeat MR: 53%)
The gnoll sergeant resists with significant effort.
You feel sick.
The gnoll sergeant hits you but does no damage.
You are more poisoned.
The gnoll hits you from afar with a spear!
* * * LOW HITPOINT WARNING * * *
You take 9 damage, and have 10/44 hp.
MASSIVE DAMAGE!!
You now have 5/23 mp.
Unknown command.
It was a potion of lignification.
You turn into a tree.
Your +0 robe melds into your body.
Your roots penetrate the ground.
* * * LOW HITPOINT WARNING * * *
You feel sick.
The gnoll sergeant hits you but does no damage.
The gnoll hits you from afar with a spear.
* * * LOW HITPOINT WARNING * * *
You now have 12/66 hp.
It was a potion of might.
You feel very mighty all of a sudden.
* * * LOW HITPOINT WARNING * * *
You feel sick.
The gnoll sergeant completely misses you.
The gnoll hits you but does no damage.
You take 1 damage, and have 11/66 hp.
You puncture the gnoll sergeant!
The gnoll sergeant is poisoned.
The gnoll sergeant is moderately wounded.
* * * LOW HITPOINT WARNING * * *
You feel sick.
The gnoll sergeant hits you but does no damage.
The gnoll hits you but does no damage.
You take 1 damage, and have 10/66 hp.
You puncture the gnoll sergeant!
The gnoll sergeant looks as sick as possible!
The gnoll sergeant is heavily wounded.
* * * LOW HITPOINT WARNING * * *
You feel sick.
You take 1 damage, and have 9/66 hp.
You barely miss the gnoll sergeant.
The gnoll sergeant is severely wounded.
* * * LOW HITPOINT WARNING * * *
You feel sick.
The gnoll sergeant hits you but does no damage.
The gnoll hits you from afar with a spear.
* * * LOW HITPOINT WARNING * * *
You take 1 damage, and have 8/66 hp.
You puncture the gnoll sergeant!
You kill the gnoll sergeant!
Makhleb accepts your kill. The gnoll hits you but does no damage.
Unknown command.
Casting: Ensorcelled Hibernation
Confirm with . or Enter, or press ? or * to list all spells.
Aiming: Confuse
Press: ? - help, Shift-Dir - straight line, f - gnoll
Aim: a gnoll, wielding a spear (chance to defeat MR: 76%)
The gnoll appears confused.
* * * LOW HITPOINT WARNING * * *
You feel sick.
You take 1 damage, and have 7/66 hp.
You now have 3/23 mp.
Casting: Confuse
Confirm with . or Enter, or press ? or * to list all spells.
Aiming: Confuse
Press: ? - help, Shift-Dir - straight line, f/p - gnoll
Aim: a gnoll, wielding a spear (confused, chance to defeat MR: 76%)
The gnoll barely resists.
* * * LOW HITPOINT WARNING * * *
You feel sick.
The gnoll hits the gnoll with a spear.
The gnoll throws a throwing net.
The throwing net hits you.
You become entangled in the net!
You take 1 damage, and have 6/66 hp.
You now have 1/23 mp.
You struggle against the net.
* * * LOW HITPOINT WARNING * * *
You feel sick.
You take 1 damage, and have 5/66 hp.
You struggle against the net.
* * * LOW HITPOINT WARNING * * *
You feel sick.
You rip the net and break free!
* * * LOW HITPOINT WARNING * * *
You feel sick.
You take 1 damage, and have 4/66 hp.
You cannot move.
Your magical effects are unravelling.
You feel magically purged.
You feel less wooden.
Your +0 robe unmelds from your body.
You feel a little less mighty now.
* * * LOW HITPOINT WARNING * * *
You feel sick.
You now have 1/44 hp.
Things that are here:
a trident of venom; a ring mail You hit the gnoll.
The gnoll is poisoned.
The gnoll is severely wounded.
The gnoll completely misses you.
You hit the gnoll.
You kill the gnoll!
Makhleb accepts your kill.
You die...

......<..>.#....
.........#...# #........
.).........##### #........
................ .........
.....?.go####### #........
....../..(# #........
##..).?..g# #......[.
......)...# ######........
..........####.)@[.........
#.......g.....g#####.......
#.........###### #.....#
.....((...## ######
...........#
...)†..........
....#######....
.....<.[.......
...............


You could see a gnoll (confused).

Vanquished Creatures
  The ghost of Monsterracer the Insei, an amateur OpMo (D:4)
  A hippogriff (D:7)
  Menkaure (D:4)
  3 orc warriors
  An ice beast (D:6)
  2 black bears (D:7)
  4 ogres
  A phantom (D:8)
  4 centaurs
  4 bullfrogs
  2 big kobolds (D:7)
  A gnoll sergeant (D:8)
  2 scorpions
  3 howler monkeys
  2 crimson imps
  A bullfrog zombie (D:5)
  2 centaur zombies
  5 gnoll shamans
  3 jellies (D:7)
  An orc priest (D:5)
  2 hounds
  4 orc wizards
  An iguana (D:4)
  9 worker ants
  Natasha (thrice) (D:4)
  A hound skeleton (D:6)
  Robin (D:2)
  14 gnolls
  11 adders
  2 adder zombies
  3 adder skeletons
  5 worms
  2 dart slugs (D:2)
  4 leopard geckos
  21 orcs
  11 bats
  8 giant cockroaches
  9 hobgoblins
  9 jackals
  10 kobolds
  9 quokkas
  6 ball pythons
  2 frilled lizards (D:1)
  15 goblins
  A quokka skeleton (D:5)
  12 rats
219 creatures vanquished.

Vanquished Creatures (collateral kills)
  A water moccasin (D:8)
  3 ogres (D:7)
  A gnoll (D:7)
5 creatures vanquished.

Vanquished Creatures (others)
  5 fungi (D:7)
  5 plants (D:7)
  15 toadstools (D:7)
25 creatures vanquished.

Grand Total: 249 creatures vanquished

Notes
Turn   | Place    | Note
-------+----------+-------------------------------------------
     0 | D:1      | Monsterracer the Spriggan Enchanter began the quest for the Orb.
     0 | D:1      | Reached XP level 1. HP: 9/9 MP: 5/5
   227 | D:1      | Reached XP level 2. HP: 13/13 MP: 7/7
   256 | D:1      | Learned a level 2 spell: Ensorcelled Hibernation
   959 | D:1      | Reached XP level 3. HP: 16/16 MP: 8/8
   964 | D:1      | Learned a level 3 spell: Confuse
  1180 | D:1      | HP: 6/16 [jackal (3)]
  1468 | D:2      | HP: 3/16 [worm (6)]
  1469 | D:2      | Reached skill level 5 in Stealth
  1556 | D:2      | HP: 6/16 [rat (2)]
  1912 | D:2      | Reached XP level 4. HP: 15/21 MP: 9/11
  2019 | D:2      | Learned a level 3 spell: Tukima's Dance
  2065 | D:2      | HP: 3/21 [gnoll (9)]
  2530 | D:2      | Noticed Robin
  2541 | D:2      | HP: 10/21 [Robin/goblin (1)]
  2547 | D:2      | HP: 9/21 [Robin/goblin (1)]
  2562 | D:2      | HP: 9/21 [hobgoblin/club[Robin] (1)]
  2574 | D:1      | HP: 6/21 [hobgoblin/club[Robin] (2)]
  2806 | D:2      | Killed Robin
  2806 | D:2      | Reached XP level 5. HP: 21/24 MP: 12/12
  2887 | D:2      | Learned a level 3 spell: Dazzling Spray
  3485 | D:3      | Found a radiant altar of Vehumet.
  3487 | D:3      | Found a snail-covered altar of Cheibriados.
  3487 | D:3      | Found a shimmering altar of Xom.
  3489 | D:3      | Found a shimmering altar of Xom.
  3489 | D:3      | Found a hide-covered altar of Uskayaw.
  3489 | D:3      | Found an opulent altar of Gozag.
  4098 | D:4      | HP: 9/24 [orc/war axe (10)]
  4300 | D:4      | Noticed Monsterracer's ghost (amateur OpMo)
  4345 | D:4      | Reached skill level 6 in Stealth
  4345 | D:4      | Reached skill level 5 in Spellcasting
  4433 | D:4      | Found a staircase to the Ecumenical Temple.
  4438 | Temple   | Entered the Ecumenical Temple
  4621 | D:4      | Reached XP level 6. HP: 28/28 MP: 14/14
  4713 | D:4      | HP: 14/28 [poisoned by a scorpion]
  4719 | D:4      | HP: 11/28 [poisoned by a scorpion]
  4720 | D:4      | Reached skill level 5 in Hexes
  4724 | D:4      | HP: 9/28 [poisoned by a scorpion]
  4731 | D:4      | HP: 8/28 [poisoned by a scorpion]
  4739 | D:4      | HP: 6/28 [poisoned by a scorpion]
  5148 | D:4      | Found a burning altar of Makhleb.
  5148 | D:4      | Noticed Menkaure
  5160 | D:4      | Killed Menkaure
  5160 | D:4      | Reached skill level 7 in Stealth
  5160 | D:4      | Reached XP level 7. HP: 32/32 MP: 13/16
  5164 | D:4      | Became a worshipper of Makhleb the Destroyer
  5279 | D:4      | Found a shadowy altar of Dithmenos.
  5321 | D:4      | Noticed Natasha
  5323 | D:4      | Killed Natasha
  5332 | D:4      | Noticed Natasha
  5342 | D:4      | Killed Natasha
  5438 | D:4      | Noticed Natasha
  5448 | D:4      | Killed Natasha
  5471 | D:4      | Killed Monsterracer's ghost
  5471 | D:4      | Reached skill level 1 in Invocations
  5628 | D:5      | Entered Level 5 of the Dungeon
  5700 | D:5      | HP: 16/32 [bullfrog zombie (2)]
  5708 | D:5      | HP: 7/32 [bullfrog zombie (4)]
  5710 | D:5      | HP: 2/32 [bullfrog zombie (5)]
  5742 | D:5      | Reached skill level 8 in Stealth
  6146 | D:5      | Found Hisu's Distillery.
  6153 | D:5      | Bought a potion of curing for 42 gold pieces
  6153 | D:5      | Bought a potion of cancellation for 112 gold pieces
  6167 | D:5      | HP: 15/32 [worker ant (6)]
  6174 | D:5      | HP: 12/32 [poisoned by a worker ant]
  6180 | D:5      | HP: 11/32 [poisoned by a worker ant]
  6188 | D:5      | HP: 10/32 [poisoned by a worker ant]
  6470 | D:5      | Reached skill level 5 in Short Blades
  6478 | D:5      | HP: 15/32 [orc/dagger (3)]
  6483 | D:5      | Reached XP level 8. HP: 17/36 MP: 13/18
  6719 | D:5      | Found a hazy altar of Hepliaklqana.
  7065 | D:6      | HP: 13/36 [centaur zombie (7)]
  7070 | D:6      | HP: 3/36 [centaur zombie (8)]
  7384 | D:6      | HP: 16/36 [centaur/arrow (12)]
  7655 | D:6      | HP: 7/36 [ogre/giant club (29)]
  7921 | D:6      | Reached * piety under Makhleb
  7965 | D:6      | Found a hide-covered altar of Uskayaw.
  8399 | D:6      | Reached skill level 9 in Stealth
  8566 | D:6      | HP: 13/36 [centaur/arrow (8)]
  8783 | D:6      | You fall through a shaft for 2 floors!
  8785 | D:8      | Noticed a two-headed ogre
  8864 | D:7      | Reached XP level 9. HP: 22/39 MP: 7/21
  8923 | D:7      | HP: 19/39 [crimson imp (3)]
  9123 | D:7      | Found a bloodstained altar of Trog.
  9247 | D:6      | Found a sparkling altar of Nemelex Xobeh.
  9561 | D:7      | HP: 19/39 [centaur (1)]
  9568 | D:7      | HP: 16/39 [orc/mace (4)]
  9808 | D:7      | HP: 12/39 [orc warrior/short sword (13)]
 10050 | D:7      | HP: 18/39 [black bear (4)]
 10053 | D:7      | Reached ** piety under Makhleb
 10109 | D:7      | HP: 9/39 [acid (5)]
 10348 | D:7      | Found a blossoming altar of Fedhas.
 10351 | D:7      | HP: 18/39 [acid (6)]
 10813 | D:7      | HP: 13/39 [orc warrior/glaive (25)]
 11036 | D:7      | Reached skill level 5 in Dodging
 11039 | D:7      | HP: 17/39 [ogre (8)]
 11040 | D:7      | Reached skill level 10 in Stealth
 11047 | D:7      | HP: 10/39 [gnoll shaman/club (3)]
 11463 | D:7      | Noticed an oklob plant
 11910 | D:8      | Reached XP level 10. HP: 44/44 MP: 11/23
 11933 | D:8      | HP: 21/44 [orc/mace (7)]
 11947 | D:8      | HP: 20/44 [gnoll sergeant/trident of venom (6)]
 11952 | D:8      | HP: 11/66 [poisoned by a gnoll sergeant]
 11957 | D:8      | HP: 7/66 [poisoned by a gnoll sergeant]
 11962 | D:8      | HP: 1/44 [poisoned by a gnoll sergeant]
 11965 | D:8      | Succumbed to a gnoll sergeant's poison

Skill      XL: |  1  2  3  4  5  6  7  8  9 |
---------------+----------------------------+-----
Spellcasting   | 3 4 5 6 7 8 |  8.2
Hexes          | 4 5 7 9 |  9.0
Stealth        | 5 6 7 8 9 10 | 10.2
Short Blades   | 2 3 4 5 6 8 |  8.0
Invocations    | 1 3 4 |  4.2
Dodging        | 5 |  5.4
Fighting       | |  0.8

Action                   |  1- 3 |  4- 6 |  7- 9 | 10-12 || total
-------------------------+-------+-------+-------+-------++-------
Melee: Dagger            |    80 |       |    16 |       ||    96
       Short sword       |   100 |   157 |   414 |    14 ||   685
 Cast: Corona            |     2 |     8 |     4 |       ||    14
       Ensorcelled Hiber |     2 |     3 |    94 |     4 ||   103
       Confuse           |       |     1 |    14 |     3 ||    18
       Tukima's Dance    |       |       |     6 |       ||     6
Invok: Minor Destruction |       |       |    14 |       ||    14
  Use: Scroll            |       |     9 |     6 |       ||    15
       Potion            |       |       |       |     4 ||     4
 Stab: Sleeping          |    12 |    10 |    62 |     1 ||    85
       Confused          |       |     1 |     8 |       ||     9
       Distracted        |       |       |     1 |       ||     1
  Eat: Ration            |       |     2 |     3 |       ||     5
Armor: Robe              |    19 |     9 |    19 |       ||    47
       Skin              |       |       |       |     5 ||     5
Dodge: Dodged            |   150 |   116 |   312 |    10 ||   588

Vault maps used:
D:1:      onia_arrival_larder
D:2:      first_ration, uniq_robin
D:3:      doesnt_xom_only_xom
D:4:      nicolae_dithmenos_the_darkroom, lemuel_crystal_altar,
          nicolae_overflow_hidden_temple, temple_doors_e, hex_medium,
          minmay_small_thing, uniq_menkaure, uniq_natasha
D:5:      marbit_many_paths, serial_shops, shop, grunt_decor_arrowhead,
          hangedman_decor_push, hex_tiny
D:6:      kennysheep_mini, lemuel_round_altar
D:7:      kennysheep_seaside_town, trog_ov_bears_minmay, tgw_fedhas
D:8:      kennysheep_orc_sif_temple, lair_entry_dummy,
          hangedman_little_slice_of_home
Temple:   eino_narrow_crystal_temple
